 Dungeon Crawl Stone Soup version 0.30-a0-639-g3916f1956a (webtiles) character file.

Game seed: 15912903548350300755

673 ryw the Chopper (level 7, -15/41 HPs)
             Began as a Gargoyle Fighter on Jan 17, 2023.
             Was a Believer of Zin.
             Demolished by an ogre
             ... wielding a +0 giant spiked club
              (27 damage)
             ... on level 5 of the Dungeon.
             The game lasted 00:06:09 (3744 turns).

ryw the Chopper (Gargoyle Fighter)                  Turns: 3744, Time: 00:06:09

Health: -15/41     AC: 16    Str: 21    XL:     7   Next: 59%
Magic:  9/9        EV: 10    Int:  9    God:    Zin [**....]
Gold:   213        SH:  0    Dex:  9    Spells: 6/6 levels left

rFire   . . .      SeeInvis .    A - +0 battleaxe
rCold   . . .      Faith    .    (shield currently unavailable)
rNeg    + . .      Spirit   .    w - +3 ring mail
rPois   ∞          Reflect  .    (no helmet)
rElec   +          Harm     .    (no cloak)
rCorr   .          Rampage  .    (no gloves)
Will    .....                    t - +2 pair of boots {Fly} Stlth
                                 (no amulet)
HPRegen 0.26/turn                (no ring)
MPRegen 0.11/turn                (no ring)

@: flying
A: sickness immunity, AC +4, negative energy resistance 1, electricity
resistance, torment resistance 1, petrification resistance
a: Renounce Religion, Recite, Vitalisation, Donate Gold


You were on level 5 of the Dungeon.
You worshipped Zin.
Zin was pleased with you.
You visited 2 branches of the dungeon, and saw 6 of its levels.

You collected 236 gold pieces.
You donated 23 gold pieces to Zin.

Inventory:

Hand Weapons
 a - a +0 war axe
 A - a +0 battleaxe (weapon)
Missiles
 l - 5 atropa-tipped darts (quivered)
 z - 4 poisoned darts
Armour
 c - a +0 buckler
 t - a +2 pair of boots of flying (worn)
 w - a +3 ring mail (worn)
Jewellery
 i - an amulet of magic regeneration
Wands
 o - a wand of charming (3)
 s - a wand of flame (9)
Scrolls
 b - 2 scrolls of fear {unknown}
 e - 2 scrolls of enchant weapon {unknown}
 f - 2 scrolls of acquirement {unknown}
 j - a scroll of identify {unknown}
 m - 2 scrolls of blinking {unknown}
 p - a scroll of teleportation {unknown}
 q - 3 scrolls of poison {unknown}
 r - 3 scrolls of magic mapping {unknown}
 x - 3 scrolls of vulnerability {unknown}
 y - a scroll of noise {unknown}
Potions
 d - 3 potions of might
 g - 5 potions of curing
 h - a potion of heal wounds {unknown}
 k - 2 potions of haste {unknown}
 n - 2 potions of brilliance {unknown}
 u - a potion of cancellation {unknown}
 v - a potion of degeneration {unknown}


   Skills:
 - Level 3.3 Fighting
 * Level 7.0 Axes
 - Level 3.3 Armour
 - Level 3.3 Shields
 - Level 3.0 Invocations


You had 6 spell levels left.
You didn't know any spells.
Your spell library contained the following spells:

 Spells                   Type           Power      Damage    Failure   Level
 Shock                    Conj/Air       0%         1d3       54%         1
 Call Canine Familiar     Summ           0%         N/A       89%         3
 Portal Projectile        Hex/Tloc       0%         N/A       89%         3
 Swiftness                Air            0%         N/A       89%         3
 Airstrike                Air            0%         2d(0-16)  100%        4
 Dispel Undead            Necr           0%         3d6       100%        4
 Leda's Liquefaction      Hex/Erth       0%         N/A       100%        4
 Death Channel            Necr           0%         N/A       100%        6
 Cigotuvi's Dreadful Rot  Necr/Pois/Air  Unusable   N/A       N/A         2

Dungeon Overview and Level Annotations

Branches:
Dungeon (5/15)             Temple (1/1) D:4

Altars:
Ashenzari
Cheibriados
Elyvilon
Fedhas
Gozag
Kikubaaqudgha
Makhleb
Okawaru
Qazlal
Ru
Sif Muna
Trog
Vehumet
Wu Jian
Xom
Yredelemnul
Zin

Shops:
D:1 (


Innate Abilities, Weirdness & Mutations

You are immune to sickness and miasma.
Your stone body is resilient. (AC +4)
You are immune to poison.
You resist negative energy. (rN+)
You are resistant to electric shocks. (rElec)
You are resistant to unholy torment.
You are immune to petrification.


Message History

Found 10 gold pieces.
Found a stone staircase leading down.
The ogre shouts!
An adder comes into view.
The adder hisses angrily.
You closely miss the adder. The adder bites you but does no damage.
The adder closely misses you.
You closely miss the adder.
The adder bites you but does no damage. x2
The ogre attacks as you move away! The ogre barely misses you.
The adder attacks as you move away! The adder barely misses you. x2
You closely miss the adder.
The adder bites you but does no damage. x2
You closely miss the adder. The adder bites you but does no damage.
You hit the adder.
The adder is moderately wounded.
The adder bites you but does no damage. The adder barely misses you.
You hit the adder.
The adder is severely wounded.
The adder bites you but does no damage. x2
You hit the adder.
You kill the adder!
You barely miss the ogre.
The ogre hits you with a +0 giant spiked club.
You slice the ogre!!
The ogre is severely wounded.
The ogre closely misses you.
You barely miss the ogre.
The ogre is severely wounded.
The ogre barely misses you.
You barely miss the ogre.
The ogre is severely wounded.
The ogre hits you with a +0 giant spiked club!!
Ouch! That really hurt!
* * * LOW HITPOINT WARNING * * *
You barely miss the ogre.
The ogre is severely wounded.
The ogre barely misses you.
You hit the ogre but do no damage.
The ogre is severely wounded.
The ogre hits you with a +0 giant spiked club!!
Ouch! That really hurt!
You die...

####.....................########
.........................>.......
####...........#.......#.########
#####....###........#.#
########........#.# #...........#
#.......### #.......##### ..
#@..........# ... ##O#.#######.#
.... #............#
........####............#
..........#............# .....
#........##.###.# #S$..
#........# .# .# #.>.# #........#
. .# #O..# #........# .


You could see an ogre.

Vanquished Creatures
  An ogre (D:5)
  A phantom (D:5)
  A kobold brigand (D:5)
  A necrophage (D:5)
  A scorpion (D:5)
  An orc priest (D:4)
  2 hounds
  An iguana (D:4)
  2 orc wizards (D:4)
  5 adders
  A white imp (D:5)
  An ufetubus (D:5)
  2 worms
  2 dart slugs
  5 orcs
  3 bats
  An endoplasm (D:3)
  2 giant cockroaches
  5 goblins
  4 hobgoblins
  11 jackals
  13 kobolds
  4 quokkas
  11 ball pythons
  5 frilled lizards
  4 rats
90 creatures vanquished.

Vanquished Creatures (others)
  An orc wizard (D:4)
1 creature vanquished.

Grand Total: 91 creatures vanquished

Notes
Turn   | Place    | Note
-------+----------+-------------------------------------------
     0 | D:1      | ryw the Gargoyle Fighter began the quest for the Orb.
     0 | D:1      | Reached XP level 1. HP: 14/14 MP: 1/1
    57 | D:1      | Reached skill level 2 in Axes
    87 | D:1      | Reached XP level 2. HP: 12/19 MP: 2/2
   187 | D:1      | Found Inikedgh's Antique Weapon Shoppe.
   532 | D:1      | Reached skill level 3 in Axes
   621 | D:2      | Reached XP level 3. HP: 22/23 MP: 3/3
  1064 | D:2      | Reached XP level 4. HP: 24/28 MP: 4/4
  1557 | D:3      | Found a faded altar of an unknown god.
  1635 | D:3      | Reached skill level 4 in Axes
  2261 | D:4      | Found a staircase to the Ecumenical Temple.
  2322 | Temple   | Entered the Ecumenical Temple
  2531 | Temple   | Became a worshipper of Zin the Law-Giver
  2531 | Temple   | Reached * piety under Zin
  2575 | D:4      | Reached XP level 5. HP: 23/32 MP: 5/5
  2818 | D:4      | Reached skill level 5 in Axes
  2818 | D:4      | Reached skill level 1 in Invocations
  2841 | D:4      | Reached XP level 6. HP: 17/37 MP: 5/7
  3299 | D:5      | Entered Level 5 of the Dungeon
  3411 | D:5      | Reached skill level 6 in Axes
  3411 | D:5      | Reached XP level 7. HP: 34/41 MP: 7/9
  3617 | D:5      | Reached ** piety under Zin
  3707 | D:5      | Reached skill level 7 in Axes
  3744 | D:5      | Demolished by an ogre

Illustrated notes

Levels and vault maps discovered:
D:1:      mrwooster_arrival_statue, layout_basic, serial_shops,
          nicolae_shop_stone, st_stairs_11, minmay_misc_feat_four_crosses
D:2:      layout_loops_cross, grunt_ministairs_1, st_stairs_8
D:3:      layout_basic, dreamdust_ecumenical_altar_angels_and_demons
D:4:      minmay_general_purpose_star, layout_basic, minmay_temple_entry_wispy
D:5:      layout_basic
Temple:   bh_familiar_temple

Skill      XL: |  1  2  3  4  5  6  7 |
---------------+----------------------+-----
Axes           | 2 3 4 5 6 7 |  7.0
Invocations    | 1 2 3 |  3.0
Fighting       | |  3.3
Armour         | |  3.3
Shields        | |  3.3

Action                   |  1- 3 |  4- 6 |  7- 9 || total
-------------------------+-------+-------+-------++-------
Melee: War axe           |   100 |   200 |       ||   300
       Battleaxe         |       |       |    44 ||    44
Invok: Recite            |       |     1 |       ||     1
  Use: Potion            |       |     1 |       ||     1
Armor: Scale mail        |    16 |       |       ||    16
       Plate armour      |    51 |   123 |       ||   174
       Ring mail         |       |    30 |    25 ||    55
Dodge: Dodged            |    40 |    67 |    25 ||   132
Block: Buckler           |    23 |    42 |       ||    65

Table legend: (Time is in decaauts)
 A = Elapsed time spent in this place.
 B = Non-inter-level travel time spent in this place.
 C = Inter-level travel time spent in this place.
 D = Time resting spent in this place.
 E = Time spent auto-exploring this place.
 F = Levels seen in this place.
 G = Mean time per level.
                   A        B        C        D        E       F      G
               +--------+--------+--------+--------+--------+-----+--------+
         Total |   3861 |   3707 |    154 |    227 |   2647 |   6 |  643.5 |
       Dungeon |   3622 |   3509 |    113 |    202 |   2479 |   5 |  724.4 |
        Temple |    239 |    198 |     41 |     25 |    168 |   1 |  239.0 |
               +--------+--------+--------+--------+--------+-----+--------+

Top non-repeatable levels by time:
     D:3: 965 daAuts
     D:4: 868 daAuts
     D:2: 680 daAuts
     D:1: 635 daAuts
     D:5: 472 daAuts
  Temple: 239 daAuts
